Map: Temple of the Past

Players

ViS

  • Race: Zerg Zerg

AznHopeful

  • Race: Terran Terran
  • Spawn Location: 0:00

VOD

Have the link to the VOD?

Description

Time

  • Played on: Jan. 5, 2018, 8:20 p.m.
  • Length: 26:30
Show
View Real Time Build Order
Export as new Build Order

ViS Zerg 

Build Orders:  

Get SALT Encoding   

  18  0:03  Primal Drone  
  19  0:15  Primal Drone  
  19  0:17  Primal Drone  
  21  0:27  Extractor  
  22  0:50  Primal Warden  
  22  0:55  Primal Drone  
  23  1:00  Primal Drone  
  24  1:10  Primal Drone  
  24  1:19  Primal Drone  
  26  1:28  Primal Drone  
  27  1:47  Primal Drone  
  28  1:56  Glevig's Den  
  27  2:00  Primal Drone  
  27  2:04  Extractor  
  28  2:10  Primal Drone  
  29  2:21  Primal Warden  
  29  2:28  Primal Drone  
  30  2:45  Primal Drone  
  36  3:05  Primal Drone  
  36  3:06  Primal Hive  
  37  3:19  Primal Zergling x2  
  39  3:26  Primal Drone  
  40  3:35  Primal Drone  
  41  3:46  Murvar's Den  
  40  3:50  Primal Drone  
  41  4:14  Primal Drone  
  42  4:20  Primal Drone  
  42  4:28  Primal Attacks Level 1  
  43  4:35  Primal Drone  
  43  4:36  Primal Warden  
  45  4:49  Primal Drone x4  
  49  5:03  Primal Drone  
  50  5:11  Primal Hive  
  50  5:13  Extractor  
  50  5:14  Primal Drone  
  51  5:53  Primal Reconstitution  
  51  5:54  Primal Drone, Primal Warden  
  51  5:55  Primal Drone x4  
  51  5:56  Primal Drone, Dakrun's Den  
  51  5:58  Extractor  
  56  6:07  Primal Hydralisk  
  58  6:40  Primal Drone x2  
  58  6:41  Primal Drone x3  
  58  6:42  Primal Drone  
  58  6:48  Primal Hydralisk x2  
  68  6:50  Primal Hydralisk  
  68  6:56  Primal Drone  
  68  6:59  Primal Hydralisk x2  
  75  7:05  Primal Drone  
  76  7:15  Primal Mutalisk  
  76  7:18  Primal Drone  
  76  7:19  Primal Drone  
  77  7:21  Primal Attacks Level 2  
  77  7:31  Primal Drone x2  
  79  7:51  Primal Drone x2  
  79  7:58  Primal Hydralisk x2  
  86  8:01  Primal Wurm  
  86  8:15  Primal Drone x3  
  86  8:16  Primal Hydralisk x3  
  86  8:17  Primal Mutalisk  
  86  8:18  Primal Mutalisk  
  93  8:33  Primal Drone  
  93  8:34  Primal Drone x2  
  93  8:35  Primal Hydralisk  
  93  8:36  Primal Hydralisk x2  
  93  8:37  Primal Mutalisk  
  101  9:11  Primal Drone x3  
  101  9:14  Primal Hydralisk x3  
  101  9:15  Primal Hydralisk x3  
  116  9:21  Slicing Glave  
  116  9:45  Primal Hydralisk x2  
  116  9:46  Primal Mutalisk x5  
  116  9:47  Primal Mutalisk  
  114  10:01  Primal Hydralisk x4  
  114  10:02  Primal Drone x2  
  114  10:03  Primal Drone x2  
  127  10:11  Primal Warden  
  127  10:45  Primal Hydralisk x2  
  127  10:46  Primal Hydralisk x2  
  127  10:47  Primal Mutalisk x2  
  127  10:48  Primal Mutalisk  
  132  10:57  Primal Drone  
  132  10:59  Primal Wurm  
  135  11:00  Primal Wurm  
  135  11:16  Primal Drone x2, Primal Attacks Level 3  
  134  11:41  Primal Drone  
  134  11:42  Primal Drone  
  134  11:43  Primal Hydralisk x3  
  134  11:44  Primal Hydralisk x2  
  134  11:45  Primal Mutalisk  
  142  11:50  Primal Mutalisk  
  141  12:06  Primal Hydralisk x2  
  143  12:18  Primal Mutalisk x2  
  141  12:24  Primal Drone  
  141  12:25  Primal Drone x3  
  141  12:28  Primal Wurm  
  146  13:33  Primal Hydralisk x3  
  146  13:34  Primal Hydralisk x5  
  146  13:35  Primal Hydralisk x2  
  166  14:15  Primal Drone x4  
  166  14:16  Primal Drone x2  
  176  14:21  Primal Mutalisk x4  
  176  14:22  Primal Mutalisk x2  
  176  14:23  Primal Wurm  
  176  14:25  Primal Wurm  
  176  14:27  Primal Wurm  
  176  14:28  Primal Wurm  
  170  14:59  Primal Drone x2  
  172  15:00  Primal Drone  
  172  15:01  Primal Hydralisk x6  
  172  15:02  Primal Hydralisk x4  
  191  16:06  Primal Mutalisk x4  
  191  16:07  Primal Mutalisk  
  191  16:09  Primal Wurm  
  191  16:10  Primal Wurm  
  191  16:11  Primal Wurm x3  
  191  17:29  Primal Hydralisk x4  
  197  19:52  Primal Mutalisk x2  
  197  19:54  Primal Hydralisk  
  200  20:02  Shifting Carapace  
  200  20:03  Primal Carapace Level 1  
  200  20:04  Primal Wurm  
  200  20:08  Primal Wurm x2  
  200  21:43  Primal Mutalisk  
  199  22:18  Primal Wurm  
  200  24:25  Primal Wurm  
  200  24:27  Primal Wurm  
  200  24:28  Primal Wurm  
  200  24:30  Primal Wurm  
  200  24:35  Primal Wurm  
  200  24:37  Primal Wurm  
  199  26:15  Primal Wurm  
Show
View Real Time Build Order
Export as new Build Order

AznHopeful Terran 

Build Orders:  

Get SALT Encoding   

  12  0:35  Supply Depot  
Tags
 
Add a new tag
Caveats
  • Supply blocks, unpowered buildings, or Contaminate may cause inaccurate times.
  • Supply counts are checked every 10 seconds.